 Dungeon Crawl Stone Soup version 0.29.1-12-g30fa7ad0bf (webtiles) character file.

Game seed: 6452037402684537570

81 hawla the Firebug (level 5, -3/38 HPs)
             Began as a Meteoran Fire Elementalist on Jan 10, 2023.
             Slain by Grinder (7 damage)
             ... on level 3 of the Dungeon.
             The game lasted 00:03:07 (457 turns).

hawla the Firebug (Meteoran Fire Elementalist)       Turns: 457, Time: 00:03:08

Health: -3/38      AC:  3    Str:  8 (9)  XL:     5   Next: 0%
Magic:  4/11       EV: 12    Int: 16 (19) God:
Gold:   59         SH:  0    Dex: 11 (14) Spells: 7/10 levels left

rFire   . . .      SeeInvis +   (no weapon)
rCold   . . .      Faith    .   (no shield)
rNeg    . . .      Spirit   .   a - +0 robe
rPois   .          Reflect  .   b - +0 helmet
rElec   .          Harm     .   (no cloak)
rCorr   .          Rampage  .   (no gloves)
Will    .....                   (no boots)
Stlth   +.........              e - amulet of regeneration
HPRegen 0.92/turn               h - ring of see invisible
MPRegen 0.12/turn               (no ring)

@: very slightly contaminated, glowing
A: sense surroundings 1, otherworldly, glowing, explore regen
a: no special abilities


You were on level 3 of the Dungeon.
You visited 1 branch of the dungeon, and saw 4 of its levels.

You collected 59 gold pieces.

Inventory:

Armour
 a - a +0 robe (worn)
 b - a +0 helmet (worn)
Jewellery
 e - an amulet of regeneration (around neck)
 h - a ring of see invisible (left hand)
Wands
 d - a wand of acid (6)
Scrolls
 j - a scroll of poison {unknown}
Potions
 c - a potion of cancellation {unknown}
 f - a potion of degeneration
 g - a potion of berserk rage {unknown}
 i - a potion of curing {unknown}
 k - a potion of heal wounds {unknown}


   Skills:
 + Level 0.2 Fighting
 + Level 3.0 Dodging
 - Level 1.4 Stealth
 + Level 3.4 Spellcasting
 + Level 1.7 Conjurations
 + Level 5.1 Fire Magic


You had 7 spell levels left.
You knew the following spells:

 Your Spells              Type           Power      Damage    Failure   Level
a - Foxfire               Conj/Fire      52%        2x1d6     4%          1
b - Scorch                Fire           38%        2d6       3%          2

Your spell library contained the following spells:

 Spells                   Type           Power      Damage    Failure   Level
 Conjure Flame            Conj/Fire      13%        6-21      13%         3
 Inner Flame              Hex/Fire       11%        N/A       19%         3
 Flame Wave               Conj/Fire      13%        2d6       41%         4


Dungeon Overview and Level Annotations

Branches:
Dungeon (4/15) Zot: 1941
 Temple: D:4-7

Altars:

Annotations:
D:3 Grinder


Innate Abilities, Weirdness & Mutations

You passively map a small area around you.
You are easily found by Zot.
You glow in the dark.
You regain HP and MP as you explore.


Message History

Casting: Scorch (safe; 2% risk of failure)
Confirm with . or Enter, or press ? or * to list all spells.
Flames lash the endoplasm.
You kill the endoplasm!
Grinder comes into view.
You have reached level 5!
Casting: Scorch (safe; 2% risk of failure)
Confirm with . or Enter, or press ? or * to list all spells.
You conjure some foxfire!
The foxfire hits Grinder.
Grinder is lightly wounded.
The foxfire hits the hobgoblin.
The hobgoblin is almost dead.
Grinder gestures at you.
You suddenly lose the ability to move!
You stop ascending the stairs.
Grinder gestures at you.
You shrug off the repeated paralysis!
The hobgoblin hits you but does no damage.
Grinder gestures at you.
You struggle to resist.
The hobgoblin hits you. x2
Grinder hits you.
You writhe in agony.
You can move again.
The hobgoblin hits you. Grinder hits you!
You writhe in agony.
You climb upwards.
There is a stone staircase leading down here.
Casting: Foxfire (safe; 3% risk of failure)
Confirm with . or Enter, or press ? or * to list all spells.
You miscast Scorch.
You are very lightly contaminated with residual magic.
Nothing appears to happen.
Grinder hits you!
* * * LOW HITPOINT WARNING * * *
You writhe in agony.
* * * LOW HITPOINT WARNING * * *
The hobgoblin barely misses you.
It was a potion of degeneration.
There was something very wrong with that liquid.
You feel weakened.
You feel dopey.
You feel clumsy. Grinder hits you!
You die...

* #...#..#.### ....... ,
............ , .....#
###.#.#.>### ....#
#........... ...#
#.#.#....### * , , ..#
#.#......### * * + #.#
#.#......... ,
##.####.#####.......###.
, #.....5@g.....####.##
* #..####.#####.# #.# +
, ...# #... ..#** ......
........ , , ........,
..##.### , #.#####.#
#... ... , , . , ,..
+...+*... , * .. #... ..


You could see Grinder and a hobgoblin.

Vanquished Creatures
  Terence (D:1)
  Robin (D:2)
  2 adders
  A dart slug (D:1)
  5 endoplasms
  6 goblins
  4 hobgoblins
  A ball python (D:2)
  A bat (D:1)
  A frilled lizard (D:1)
  A kobold (D:1)
  5 rats (D:1)
29 creatures vanquished.

Vanquished Creatures (others)
  52 foxfires
52 creatures vanquished.

Grand Total: 81 creatures vanquished

Notes
Turn   | Place    | Note
-------+----------+-------------------------------------------
     0 | D:1      | hawla the Meteoran Fire Elementalist began the quest for
                  | the Orb.
     0 | D:1      | Reached XP level 1. HP: 14/14 MP: 5/5
    63 | D:1      | Reached XP level 2. HP: 20/20 MP: 1/6
    66 | D:1      | Learned a level 2 spell: Scorch
    89 | D:1      | Reached skill level 4 in Fire Magic
   222 | D:2      | Reached XP level 3. HP: 26/26 MP: 5/8
   222 | D:2      | Noticed Robin
   225 | D:2      | Noticed Terence
   249 | D:1      | Killed Terence
   250 | D:1      | Reached XP level 4. HP: 27/33 MP: 1/9
   270 | D:2      | Killed Robin
   294 | D:2      | Reached skill level 5 in Fire Magic
   447 | D:4      | Noticed Grinder
   448 | D:4      | Reached XP level 5. HP: 38/38 MP: 6/11
   449 | D:4      | Paralysed by Grinder for 5 turns
   457 | D:3      | Slain by Grinder

Illustrated notes

Levels and vault maps discovered:
D:1:      co_arrival_square_in_a_square_in_a_square, layout_basic
D:2:      minmay_spotlight, layout_loops_ring,
          hellmonk_ecumenical_altar_heavens_door, uniq_robin, uniq_sigmund,
          uniq_terence
D:3:      layout_basic, lightli_temple_of_fire, nemelex_spade_bored_becter,
          uniq_natasha
D:4:      layout_loops_cross, nicolae_overflow_crystal_walls, uniq_edmund,
          uniq_grinder, uniq_pikel

Skill      XL: |  1  2  3  4 |
---------------+-------------+-----
Fire Magic     | 4 5 |  5.1
Dodging        | 3 |  3.0
Spellcasting   | 3 |  3.4
Fighting       | |  0.2
Stealth        | |  1.4
Conjurations   | |  1.7

Action                   |  1- 3 |  4- 6 || total
-------------------------+-------+-------++-------
Melee: Unarmed           |     4 |     1 ||     5
 Cast: Foxfire           |    22 |     9 ||    31
       Scorch            |     5 |     8 ||    13
  Use: Scroll            |     1 |       ||     1
       Potion            |       |     2 ||     2
Armor: Robe              |     3 |     2 ||     5
Dodge: Dodged            |     3 |     7 ||    10
